 Dungeon Crawl Stone Soup version 0.32-a0-893-gf85d74f360 (webtiles) character file.

Game seed: 1277673678579111953

9 chuckh07 the Conjurer (level 2, 0/20 HPs)
             Began as a Draconian Conjurer on Apr 3, 2024.
             Slain by an orc
             ... wielding a +0 club
              (4 damage)
             ... on level 3 of the Dungeon.
             The game lasted 00:02:46 (343 turns).

chuckh07 the Conjurer (Draconian Conjurer)           Turns: 343, Time: 00:02:47

Health: 0/20       AC:  4    Str:  9    XL:     2   Next: 6%
Magic:  5/5        EV: 11    Int: 18    God:
Gold:   9          SH:  0    Dex:  9    Spells: 4/5 levels left

rFire   . . .        j - +0 spear
rCold   + . .        (no shield)
rNeg    . . .        (body armour unavailable)
rPois   .            (helmet restricted)
rElec   .            (no cloak)
rCorr   .            (no gloves)
SInv    .            (no boots)
Will    .....        (no amulet)
Stlth   ++           d - ring of protection from cold
HPRegen 0.23/turn    (no ring)
MPRegen 0.09/turn

%: no passive effects
@: no status effects
A: AC +4, unfitting armour, cold-blooded
a: no special abilities


You were on level 3 of the Dungeon.
You visited 1 branch of the dungeon, and saw 3 of its levels.

You collected 9 gold pieces.

Inventory:

Hand Weapons
 f - a +0 dagger
 h - a +0 club
 j - a +0 spear (weapon)
Armour
 c - a +0 ring mail
 i - a +0 robe
 k - a +0 robe
Jewellery
 d - a ring of protection from cold (left hand)
Scrolls
 b - a scroll of identify {unknown}
 e - a scroll of teleportation {unknown}
 g - a scroll of vulnerability {unknown}
Potions
 a - a potion of magic
 l - a potion of enlightenment {unknown}


   Skills:
 + Level 2.0 Dodging
 + Level 1.8 Stealth
 + Level 2.0 Spellcasting
 + Level 4.3 Conjurations


You had 4 spell levels left.
You knew the following spells:

 Your Spells              Type           Power      Damage    Failure   Level
a - Magic Dart            Conj           68%        1d6       3%          1

Your spell library contained the following spells:

 Spells                   Type           Power      Damage    Failure   Level
 Searing Ray              Conj           34%        2d5       4%          2
 Fulminant Prism          Conj/Alch      4%         3d5       58%         4
 Iskenderun's Mystic Bla Conj/Tloc 9%             2d4        (+2d1     58%         4


Dungeon Overview and Level Annotations

Branches:
Dungeon (3/15)

Altars:

Shops:
D:1 *


Innate Abilities, Weirdness & Mutations

Your plain brown scales are hard. (AC +4)
You cannot fit into any form of body armour.
You are cold-blooded and may be slowed by cold attacks.


Message History

The frilled lizard attacks as it pursues you!
The frilled lizard bites you.
* * * LOW HITPOINT WARNING * * *
The frilled lizard closely misses you.
The orc curses loudly, as Orcs often do.
The frilled lizard bites you.
* * * LOW HITPOINT WARNING * * *
The frilled lizard misses you.
Found a lumpy white potion.
The frilled lizard attacks as it pursues you!
The frilled lizard closely misses you. The frilled lizard closely misses you.
The frilled lizard attacks as it pursues you!
The frilled lizard bites you.
Reactivating autopickup.
An orc wizard appears from thin air!
You see here a lumpy white potion.
l - a lumpy white potion The frilled lizard completely misses you.
The frilled lizard closely misses you.
The frilled lizard attacks as it pursues you!
The frilled lizard barely misses you.
A kobold comes into view. It is wielding a +0 dagger.
The orc misses you.
The frilled lizard attacks as it pursues you!
The frilled lizard barely misses you.
The kobold throws a stone.
The stone completely misses you. The frilled lizard closely misses you.
The orc attacks as it pursues you! The orc hits you but does no damage.
The kobold hits you but does no damage. The orc hits you with a +0 short sword.
* * * LOW HITPOINT WARNING * * *
The orc wizard gestures wildly while chanting.
The orc wizard flickers and vanishes!
Deactivating autopickup; reactivate with Ctrl-A.
The orc closely misses you. The orc attacks as it pursues you!
The orc hits you with a +0 club.
* * * LOW HITPOINT WARNING * * *
The orc attacks as it pursues you! The orc barely misses you.
The orc attacks as it pursues you! The orc hits you with a +0 club.
You die...

#..###.# ##.#
#......# .##.#
#.####.###.##o#
#.# #.# ##...#
#K# #.. #.#
##.####.# #.#
#.# #.....l#
#.# #.#
#####..# #.#
#.# #.o# #.#
#.# #.@###.##
#.......#
#......)###..#
........###..#
.............#
#..#########.#
#.. #.# .. #.#
#.#


You could see 2 orcs, a kobold and a frilled lizard.

Vanquished Creatures
  3 goblins
  2 hobgoblins
  A quokka (D:1)
  A bat (D:2)
  2 kobolds
9 creatures vanquished.

Notes
Turn   | Place    | Note
-------+----------+-------------------------------------------
     0 | D:1      | chuckh07 the Draconian Conjurer began the quest for the
                  | Orb.
     0 | D:1      | Reached XP level 1. HP: 14/14 MP: 3/3
    18 | D:1      | Found Tyongon's General Store.
   237 | D:3      | Reached XP level 2. HP: 13/20 MP: 3/5
   343 | D:3      | Slain by an orc

Illustrated notes

Levels and vault maps discovered:
D:1:      wander_arrival_lonely_grave, layout_basic, serial_shops, shop,
          nicolae_shop_drivethru, shop
D:2:      layout_loops_ring, shapermc_ecumenical_altar_petra, uniq_sigmund
D:3:      layout_loops_ring, mainiacjoe_overflow_brackets

Skill      XL: |  1  2 |
---------------+-------+-----
Dodging        | 2 |  2.0
Stealth        | |  1.8
Spellcasting   | |  2.0
Conjurations   | |  4.3

Action                     || total
---------------------------++-------
  Melee: Dagger            ||    28
         Unarmed           ||    19
         Spear             ||     4
         Tailslap          ||     2
   Cast: Magic Dart        ||    12
 Armour: Skin              ||    74
  Dodge: Dodged            ||    71

Table legend: (Time is in decaauts)
 A = Elapsed time spent in this place.
 B = Non-inter-level travel time spent in this place.
 C = Inter-level travel time spent in this place.
 D = Time resting spent in this place.
 E = Time spent auto-exploring this place.
 F = Levels seen in this place.
 G = Mean time per level.
                   A        B        C        D        E       F      G
               +--------+--------+--------+--------+--------+-----+--------+
         Total |    341 |    341 |      0 |      0 |      0 |   3 |  113.7 |
       Dungeon |    341 |    341 |      0 |      0 |      0 |   3 |  113.7 |
               +--------+--------+--------+--------+--------+-----+--------+

Top non-repeatable levels by time:
     D:1: 180 daAuts
     D:3: 129 daAuts
     D:2: 31 daAuts
